Cogmind - Beta 17 @@@ ROGUE MODE // 2026.07.15 @ 00:48:08 Player: Infomantis Result: Destroyed by 1H-VVA(E) with Overtuned Barrage Gun Performance ------------- Evolutions (0) 0 Regions Visited (3) 600 Robots Destroyed (29) 145 Value Destroyed (441) 441 Prototype IDs (2) 40 Alien Tech Used (0) 0 Bonus (8588) 8588 TOTAL SCORE: 9814 Bonus ------- Follower Combat Kills 288 Prayed to X0-1V1 5000 Major X0-1V1 Interference 3000 Registered with UFD 300 Cogmind --------- Core Integrity 0/250 Matter 300/300 Energy 100/100 System Corruption 0% Temperature Cool (0) Movement Core (50) Location -7/Scraptown Parts ------- > --- POWER (1) -------- (None) > --- PROPULSION (3) --- Armored Treads > --- UTILITY (2) ------ (None) > --- WEAPON (5) ------- (None) > --- INVENTORY (5) ---- Wheel High-capacity Storage Unit CPS Tube (2) Powered Hammer Makeshift Sword Peak State ------------ > --- POWER ------------ Ion Engine > --- PROPULSION ------- Light Treads Wheel Wheel > --- UTILITY ---------- High-capacity Storage Unit X0-1V1's Piety Tracker > --- WEAPON ----------- Flamer Powered Hammer > --- INVENTORY -------- Ion Engine Ion Engine Reinforced Ion Engine Light Treads Aluminum Leg Aluminum Leg Medium Storage Unit Large Storage Unit Medium Battery IFF Parser Seismic Detector Scrap Shield Makeshift Hacking Suite A0-MCA's Component Scanner CPS Tube CPS Tube CPS Tube Makeshift Sword DRS Beacon [Rating: 29] Favorites ----------- Power Light Ion Engine Engine Light Ion Engine Propulsion Light Treads Treads Light Treads Wheel Wheel Utility High-capacity Storage Unit Device X0-1V1's Piety Tracker Storage High-capacity Storage Unit Protection Scrap Shield Weapon Assault Rifle Energy Cannon Subdweller Beam Cannon Ballistic Gun Assault Rifle Launcher Mini Grenade Launcher Special Weapon Flamer Impact Weapon Powered Hammer Build | -11 -10 -10 -7 ------- Run | Yrd Mat Sub Scr Slots Evolved . | . . . . Power . | . . . . Propulsion . | . . . . Utility . | . . . . Weapon . | . . . . Parts Attached 25 | 8 3 7 7 Power 5 | 1 1 1 2 Engine 5 | 1 1 1 2 Core . | . . . . Reactor . | . . . . Propulsion 6 | 2 . 2 2 Treads 4 | 2 . . 2 Leg . | . . . . Wheel 2 | . . 2 . Hover . | . . . . Flight . | . . . . Utility 6 | 3 1 1 1 Device 3 | 2 . 1 . Storage 2 | 1 1 . . Processor . | . . . . Hackware . | . . . . Protection 1 | . . . 1 Artifact . | . . . . Weapon 8 | 2 1 3 2 Energy Gun . | . . . . Energy Cannon 1 | . . 1 . Ballistic Gun 3 | 2 . 1 . Ballistic Cannon . | . . . . Launcher 1 | . . . 1 Special Weapon 2 | . 1 1 . Impact Weapon 1 | . . . 1 Slashing Weapon . | . . . . Piercing Weapon . | . . . . Special Melee Weapon . | . . . . Unidentified Prototypes 1 | . . 1 . Parts Lost 6 | . . 1 5 Power . | . . . . Propulsion 3 | . . 1 2 Utility 1 | . . . 1 Weapon 2 | . . . 2 Highest Loss Streak 3 | . . 1 3 To Critical Strikes . | . . . . Average Backups 16 | 4 14 19 17 Power 3 | . 2 4 3 Propulsion 3 | 1 3 4 2 Utility 5 | . 3 5 6 Weapon 3 | 1 4 5 3 Tool/Special . | . . . . Unused Backups 24 | . . 4 20 Power 3 | . . . 3 Propulsion 3 | . . . 3 Utility 10 | . . 2 8 Weapon 5 | . . 2 3 Tool/Special 3 | . . . 3 Average Slot Usage (%) 97 | . 100 96 96 Engine 12 | . 14 10 11 Treads 18 | . 28 21 12 Wheel 15 | . . 9 23 Device 11 | . 14 10 9 Storage 11 | . 14 10 10 Energy Cannon 1 | . . 3 1 Ballistic Gun 15 | . 27 23 7 Special Weapon 7 | . . 4 11 Impact Weapon 1 | . . . 3 Peak Build Rating 29 | 7 9 28 29 Average Rating 17 | 6 8 15 23 On Entrance 11 | . 7 9 28 Avg Prop Armor Cover (%) 12 | . . 15 11 Naked Turns . | . . . . Heaviest Build 59 | 13 48 59 59 Greatest Support 40 | 40 40 40 20 Greatest Overweight (x) 5 | 1 1 5 3 Average Overweight (x) 2 | . . 4 1 Largest Inventory Capacity 20 | 8 20 20 20 Average Capacity 18 | 7 17 20 18 Most Carried 20 | 7 20 20 20 Average Carried 17 | 4 14 19 18 Final Capacity 20 | 8 20 20 5 Final Carried 20 | 7 20 19 5 Class Distribution -------------------- 90% | Mutant 9% | Gunner Dominant Class ---------------- Mutant | -10/Materials Mutant | -10/Subcaves Mutant | -7/Scraptown Resources | -11 -10 -10 -7 ----------- Run | Yrd Mat Sub Scr Matter Collected 1063 | 352 224 207 280 Remotely . | . . . . Salvage Created 808 | 222 333 112 141 Parts 70 | 23 30 12 5 Haulers Intercepted 1 | . 1 . . Recyclers Shooed 1 | 1 . . . Parts Field Recycled . | . . . . Retrieved Matter . | . . . . Parts Self-Destructed 10 | . . 10 . Prevented . | . . . . Parts Restored . | . . . . Kills | -11 -10 -10 -7 ------- Run | Yrd Mat Sub Scr Combat Hostiles Destroyed 21 | . 11 7 3 Guns 18 | . 11 7 . AOE 3 | . . . 3 Classes Destroyed 9 | 2 3 1 3 Tunneler 6 | 6 . . . Hauler 1 | . 1 . . Recycler 1 | 1 . . . Swarmer 13 | . 6 7 . Grunt 5 | . 5 . . Artisan 1 | . . 1 . Bolteater 1 | . . . 1 Federalist 1 | . . . 1 Scrapper 1 | . . . 1 Best Kill Streak 4 | 3 3 4 3 Combat Bots Only 4 | . 3 4 3 Max Kills in Single Turn 2 | 1 2 2 2 Gunslinging 1 | . 1 1 . Exploded 2 | . . . 2 Melee . | . . . . Uniques/NPCs Destroyed 1 | . . . 1 Triborg (-7/Scraptown) Combat | -11 -10 -10 -7 -------- Run | Yrd Mat Sub Scr Hostile Shots Fired 145 | . 45 40 60 Missed 48 | . 13 10 25 Hits 97 | . 32 30 35 Melee 9 | . . . 9 Projectile 88 | . 32 30 26 Critical Strikes 1 | . . . 1 Damage Taken 1299 | . 306 232 761 Core 252 | . 47 32 173 Absorbed by Shields . | . . . . Core Remaining (%) 100 | 100 . . . Volleys Fired 78 | 12 37 25 4 Largest 3 | 2 2 3 1 Hottest 100 | 40 100 100 30 Shots Fired 140 | 24 70 42 4 Gun 119 | 24 66 29 . Cannon 8 | . . 8 . Launcher 4 | . . . 4 Special 9 | . 4 5 . Kinetic 119 | 24 66 29 . Thermal 17 | . 4 13 . Explosive 4 | . . . 4 Electromagnetic . | . . . . Robot Hit Streak 9 | 9 5 5 3 Robot Miss Streak 5 | 1 4 5 . Penetration Max . | . . . . Secondary Targets 5 | . 2 3 . Max Gunslinging Chain 1 | . 1 1 . Shots Hit Robots 72 | 18 37 13 4 Core Hits 40 | 8 16 8 8 Critical Kills 1 | . 1 . . Critical Parts Destroyed 1 | . . . 1 Critical Strikes 2 | . 1 . 1 Destroy 1 | . 1 . . Smash 1 | . . . 1 Melee Attacks 3 | . . . 3 Impact 3 | . . . 3 Slashing . | . . . . Piercing . | . . . . Sneak Attacks . | . . . . Combat Hostiles . | . . . . Follow-up Attacks . | . . . . Damage Inflicted 1358 | 238 508 169 443 Guns 881 | 238 500 143 . Cannons 26 | . . 26 . Explosions 334 | . . . 334 Melee 104 | . . . 104 Ramming 13 | . 8 . 5 Kinetic 881 | 238 500 143 . Thermal 26 | . . 26 . Explosive 334 | . . . 334 Electromagnetic . | . . . . Impact 104 | . . . 104 Slashing . | . . . . Piercing . | . . . . Highest Corruption . | . . . . Average Corruption . | . . . . Corruption Purged . | . . . . Corruption Blocked . | . . . . Overload Shots . | . . . . Overflow Damage 54 | . . . 54 Projectiles . | . . . . Explosions 13 | . . . 13 Melee 41 | . . . 41 Knockbacks . | . . . . Impact . | . . . . Kinetic . | . . . . Secondary . | . . . . Self-Inflicted Damage 27 | . . . 27 Shots 1 | . . . 1 Rammed 4 | . 3 . 1 Targets Rammed 4 | . 3 . 1 Kicked . | . . . . Crushed . | . . . . Highest Temperature 20 | . 20 . 5 Average Temperature 8 | . 10 . 3 Received Heat Transfer 198 | . 84 18 96 Siege Activations . | . . . . Martial Activations . | . . . . Shielding Activations . | . . . . Robots Disrupted . | . . . . Combat Hostiles . | . . . . Robots Corrupted . | . . . . Combat Hostiles . | . . . . Parts Fried . | . . . . Impact Corruptions 1 | . . . 1 Robots Melted . | . . . . Combat Hostiles . | . . . . Parts Melted . | . . . . Heat Transferred 37 | . . 37 . Parts Sabotaged . | . . . . Parts Stolen 1 | . . . 1 Parts Stripped . | . . . . Power Chain Reactions . | . . . . Alert | -11 -10 -10 -7 ------- Run | Yrd Mat Sub Scr Maximum Alert Level . | . . . . Low Security (%) 100 | 100 100 . . Level 1 . | . . . . Level 2 . | . . . . Level 3 . | . . . . Level 4 . | . . . . Level 5 . | . . . . High Security . | . . . . Max Security . | . . . . Peak Influence 146 | 15 146 . . Initial 3 | . 3 . . Average 33 | . 41 . . Influence Increases 545 | 35 310 200 . Destroy 0b10 Robot/C 360 | . 220 140 . Destroy 0b10 Robot/NC 40 | 35 5 . . Destroy Leader 42 | . 42 . . Successful Hack 7 | . 7 . . Destroy Structure 6 | . 6 . . Lose Combat Pursuer 90 | . 30 60 . Influence Decreases 545 | 30 241 236 38 Entered New Map 76 | . 2 36 38 Time Decay 459 | 30 239 190 . Lost Part 10 | . . 10 . Squads Dispatched 2 | . 2 . . Investigation 1 | . 1 . . Extermination . | . . . . Reinforcement 1 | . 1 . . Assault . | . . . . Garrison . | . . . . Intercept . | . . . . Searches Triggered . | . . . . Construction Impeded . | . . . . Haulers Reinforced . | . . . . Active Scanning Responses . | . . . . Cargo Convoy Interrupts . | . . . . Stealth | -11 -10 -10 -7 --------- Run | Yrd Mat Sub Scr Distress Signals . | . . . . Communications Jammed . | . . . . Distress Signals . | . . . . Times Spotted 61 | . 22 7 32 Peak Tracking Total 21 | . 3 5 21 Tactical Retreats 6 | . 1 2 3 Traps | -11 -10 -10 -7 ------- Run | Yrd Mat Sub Scr Traps Triggered . | . . . . Indirectly . | . . . . Trap Hack Attempts . | . . . . Triggered . | . . . . Disarmed . | . . . . Reprogrammed . | . . . . Reused . | . . . . Traps Extracted . | . . . . Installed 1 | . . 1 . Triggered . | . . . . Most Traps Carried 1 | . . 1 . Machines | -11 -10 -10 -7 ---------- Run | Yrd Mat Sub Scr Machines Disabled 5 | . . . 5 Max in Single Turn . | . . . . Machines Repaired . | . . . . Machines Dismantled . | . . . . Machines Sabotaged . | . . . . Overloaded Fab Kills . | . . . . Hacking | -11 -10 -10 -7 --------- Run | Yrd Mat Sub Scr Machines Accessed 5 | . 3 . 2 Terminals 3 | . 3 . . Fabricators . | . . . . Repair Stations . | . . . . Recycling Units . | . . . . Scanalyzers . | . . . . Garrison Access . | . . . . Total Hacks 20 | . 10 . 10 Successful 12 | . 2 . 10 Failed 8 | . 8 . . Catastrophic 2 | . 2 . . Database Lockouts . | . . . . Manual 11 | . 11 . . Terminals 10 | . 10 . . Fabricators . | . . . . Repair Stations . | . . . . Recycling Units . | . . . . Scanalyzers . | . . . . Garrison Access . | . . . . Terminal Hacks 12 | . 2 . 10 Record 10 | . . . 10 Part Schematic 1 | . 1 . . Zone Layout 1 | . 1 . . Fabricator Hacks . | . . . . Repair Station Hacks . | . . . . Recycling Unit Hacks . | . . . . Scanalyzer . | . . . . Garrison Access Hacks . | . . . . Unauthorized Hacks . | . . . . Terminals . | . . . . Fabricators . | . . . . Repair Stations . | . . . . Recycling Units . | . . . . Scanalyzers . | . . . . Garrison Access . | . . . . Data Cores Recovered . | . . . . Used . | . . . . Hacking Detections 3 | . 3 . . Full Trace Events 2 | . 2 . . Feedback Events . | . . . . Feedback Blocked . | . . . . Robot Schematics Acquired . | . . . . Robots Built . | . . . . Authchips . | . . . . Time . | . . . . Total Robot Build Rating . | . . . . Part Schematics Acquired 1 | . 1 . . Parts Built . | . . . . Authchips . | . . . . Time . | . . . . Total Part Build Rating . | . . . . Part Studies Acquired . | . . . . Parts Repaired . | . . . . Time . | . . . . Parts Recycled . | . . . . Recycled Matter . | . . . . Retrieved Matter . | . . . . Retrieved Components . | . . . . Parts Scanalyzed . | . . . . Part Schematics Acquired . | . . . . Parts Damaged . | . . . . Bothacking | -11 -10 -10 -7 ------------ Run | Yrd Mat Sub Scr Used RIF Installer . | . . . . Robots Hacked . | . . . . Non-combat . | . . . . Combat . | . . . . Robot Hacks Applied . | . . . . Relay Couplers Released . | . . . . Fabnet Peak Effective % . | . . . . Robots Rewired . | . . . . Allies Hacked . | . . . . Hacks Repelled . | . . . . Allies | -11 -10 -10 -7 -------- Run | Yrd Mat Sub Scr Total Allies 1 | . . . 1 Largest Group 1 | . . . 1 Highest-Rated Group 446 | . . . 446 Highest-Rated Ally 446 | . . . 446 Total Orders . | . . . . Ally Attacks 29 | . . . 29 Total Damage 2619 | . . . 2619 Kills 11 | . . . 11 Allies Corrupted . | . . . . Allies Melted . | . . . . X0-1V1 Amusement Gains 96 | . 22 . 74 Good Acts 7 | . . 3 4 Bad Acts 6 | . . 6 . Intel | -11 -10 -10 -7 ------- Run | Yrd Mat Sub Scr Active Infowar (turns) 1826 | 108 955 763 . Seismic 1826 | 108 955 763 . Robot Analysis Total . | . . . . Derelict Logs Recovered 4 | . . 2 2 Drone Launches . | . . . . Drone Recoveries . | . . . . Exploration | -11 -10 -10 -7 ------------- Run | Yrd Mat Sub Scr Turns Passed 4452 | 234 955 929 2334 Spaces Moved 3054 | 115 299 552 2088 Core 91 | 9 . . 82 Treads 439 | 106 299 25 9 Legs . | . . . . Wheels 2524 | . . 527 1997 Hover . | . . . . Flight . | . . . . Fastest Speed 50 | 50 160 110 50 Average Speed 128 | 151 218 148 108 Slowest Speed 240 | 160 240 240 240 Overloaded Moves . | . . . . Propulsion Burnouts . | . . . . Robots Hopped . | . . . . Potential Cave-ins . | . . . . Cave-ins Triggered . | . . . . Exploration Rate (%) 41 | 5 44 24 91 Regions Visited 3 Branch Regions 2 Pre-discovered Areas 1 | . . 1 . Known Exits Taken . | . . . . Unknown Exits Taken 3 | 1 1 1 . Scrap Searched 7 | . . 4 3 Spaces Dug 4 | . 4 . . Terrain Destroyed 13 | . 4 1 8 Melee . | . . . . Projectile 5 | . 4 1 . AOE 8 | . . . 8 Terrain Rammed . | . . . . Walls Destroyed . | . . . . Machines Disabled . | . . . . Actions | -11 -10 -10 -7 --------- Run | Yrd Mat Sub Scr Total 3428 | 147 518 614 2149 Wait 184 | 7 159 14 4 Move 3051 | 114 298 551 2088 Hop . | . . . . Pick Up 42 | 6 12 6 18 Fast Attach 11 | 7 . 2 2 Attach 4 | . . 3 1 Detach . | . . . . Swap 21 | 1 8 6 6 Drop 29 | . 1 6 22 Fire 78 | 12 37 25 4 Melee 3 | . . . 3 Ram 1 | . . . 1 Kick . | . . . . Crush 3 | . 3 . . Escape Stasis . | . . . . Rewire . | . . . . Trap 1 | . . 1 . Miscellaneous . | . . . . Route ------- -11/Scrapyard -10/Materials (discovered 3 exits: [*Mat x2] / [*Sub]) -10/Subcaves -7/Scraptown (discovered 2 exits: [*Fac x2]) History --------- Turn | Location | Event 4 | -11/Scrapyard | Discovered new exit (range 15) 235 | -11/Scrapyard | Entered Materials 302 | -10/Materials | Build established: Mutant 493 | -10/Materials | Discovered new exit (range 13) 1001 | -10/Materials | Discovered new exit (range 15) 1161 | -10/Materials | Discovered new exit (range 8) 1190 | -10/Materials | Prayed at D.C.S.S. Altar Unit 1190 | -10/Materials | Entered Subcaves 1191 | -10/Subcaves | Approached by a straggling Scientist 1229 | -10/Subcaves | Sensors blinded by X0-1V1 1294 | -10/Subcaves | Propulsion slot count permanently improved by X0-1V1 (+1) 1390 | -10/Subcaves | Learned location of Mines (-10) 1506 | -10/Subcaves | A swath of the cavern ceiling suddenly collapsed 1645 | -10/Subcaves | Weapon slot count temporarily expanded by X0-1V1 (+3) 2050 | -10/Subcaves | Build established: Gunner 2068 | -10/Subcaves | X0-1V1 tapped a No Entrance sign 2078 | -10/Subcaves | X0-1V1 sent hostile S-10 Pest (x3) 2119 | -10/Subcaves | Entered Scraptown 2451 | -7/Scraptown | Build established: Mutant 2577 | -7/Scraptown | Scanned Subdweller tech in exchange for log data 2582 | -7/Scraptown | Learned Factory garrison access intel 2601 | -7/Scraptown | Discovered new exit (range 3) 2683 | -7/Scraptown | Visited CPS Storage 2706 | -7/Scraptown | Visited Cave Peace 2722 | -7/Scraptown | Visited Cyclists 2829 | -7/Scraptown | Visited SPCMW 2868 | -7/Scraptown | Visited Awakened 2895 | -7/Scraptown | Visited TADAMA 2937 | -7/Scraptown | Visited UFD Registry 2937 | -7/Scraptown | Registered with UFD as "Deathkit" 2975 | -7/Scraptown | Visited LU-1G1's Boring Crew 3000 | -7/Scraptown | Visited Supply Room 3022 | -7/Scraptown | Visited Scrap Suit Storage 3038 | -7/Scraptown | Visited Cartography Club 3048 | -7/Scraptown | Visited A0-MCA Data Center 3063 | -7/Scraptown | Visited Derelict Rescue Squad 3091 | -7/Scraptown | Visited Curators Association 3271 | -7/Scraptown | Visited Scrapoid Research Area 3302 | -7/Scraptown | Visited Chapter 10 3331 | -7/Scraptown | Visited Abandonware Association 3344 | -7/Scraptown | Learned abandonware demo "REVENGE.EXE" 3344 | -7/Scraptown | Learned abandonware demo "MELTYB.EXE" 3448 | -7/Scraptown | Found DRS Beacon 3474 | -7/Scraptown | Given a B rating by A0-MCA 3479 | -7/Scraptown | Found A0-MCA's Component Scanner 4318 | -7/Scraptown | Entered Cyclist Reading Room 4352 | -7/Scraptown | Visited Shadow of the Wyrm 4367 | -7/Scraptown | X0-1V1 brought Wyrm Statue to life 4367 | -7/Scraptown | Attacked by Scraptown defenders 4379 | -7/Scraptown | Core integrity fell below 50% 4402 | -7/Scraptown | Allies destroyed Triborg 4419 | -7/Scraptown | Weapon slot count temporarily expanded by X0-1V1 (+3) 4446 | -7/Scraptown | Lost 3 parts (1n2w) 4450 | -7/Scraptown | Core integrity fell below 20% 4452 | -7/Scraptown | Discovered new exit (range 4) 4453 | -7/Scraptown | Destroyed by 1H-VVA(E) with Overtuned Barrage Gun Last Messages --------------- 04410_ V9-QQO(r) follow-up attacks with Ripteeth. 04411_ Lgt. Treads ripped off. 04411_ V9-QQO(r) follow-up attacks with Ripteeth. 04411_ ZW-AWM(r) suffers critical hit (Destroy). 04411_ ZW-AWM(r) destroyed. 04411_ Wheel destroyed. 04412_ GP-MBB(r) destroyed. 04412_ X0-1V1: "One less obstacle for my toy on its journey to the highest levels of glorious entertainment." 04413_ Acquired 100 matter. 04415_ Mni. Grenade Launcher destroyed. 04417_ Your Arm. Treads briefly glows, restoring some integrity. 04419_ X0-1V1: "Weapons, camera, action!" (+3 weapon slots) 04430_ X0-1V1: "I find this area lacking in decorations." V9-QQO(r) shuts down. X0-1V1's Piety Tracker suddenly appears amidst shimmering waves of color. 04450_ YT-UOY(E): "We are one!" 04451_ Slammed into YT-UOY(E). 04452_ EXIT=FOUND 04453_ X0-1V1 chortles! Map ----- +----------------------------------------------------+ | | | | | | | | | | | | | | | | | | | ?????????????????????????????????????????????????? | | ?????????????????????????????????????????????????? | | ?????????????????????????????????????????????????? | | ?????????????????????????????????????????????????? | | ?????????????????????????????????????????????????? | | ?????????????????????????????????????????????????? | | ?????????????????????????????????????????????????? | | ?????????????????????????????????????????????????? | | ?????????????????????????????????????????????????? | | ?????????????????????????????????????????????????? | | ?????????????????????????????????????????????????? | | ????????????????????????#####????????????????????? | | ????????????????????????#"""#????????????????????? | | ???????????????####?????#" "#????????????????????? | | ??????????????## ##????# < #????????????????????? | | ???"" ##!!"#### ###### ##???????????????????? | | ??? E %E@ #???????????????????? | | ???? E E #???????????????????? | | ??????????##### ###########???????????????????? | | ??????????????## ##?????????????????????????????? | | ???????????????# #??????????????????????????????? | | ?????????#####?# #??????????????????????????????? | | ????????" !"?# #??????????????????????????????? | | ????????#" "?# #??????????????????????????????? | | ?????####X ### #??????????????????????????????? | | ##???#" "## #??????????????????????????????? | | #???#"! !"## #??????????????????????????????? | | #???#" !"## #??????????????????????????????? | | #???#"! !"## #??????#???????????????????????? | | "#???#"! !"## ###### #???????????????????????? | | #????# #?# # ????????????????????????? | | #?????? ??# # ??????????????????????????? | | ##???????# #???# ## #???????????????????????????? | | ########## ##### ## #############???????????????? | | """""""""" """"" "" "##""""""""""???????????????? | | "## """""""""#??????????????? | | "## """""""""#??????????????? | | "## " """"#??????????????? | | "## """"#??????????????? | | """"#??????????????? | | """""""""""""""" "## """""""""#??????????????? | +----------------------------------------------------+ Best States ------------- Heat Dissipation 25 Energy Generation 12 Energy Capacity 265 Matter Stores 300 Matter Capacity 300 Sight Range 16 Terrain Scan Density 10 Armor Coverage 800 Evasion (%) 50 Recoil Reduction 2 Item Schematics ----------------- Hcp. Storage Unit | -10/Materials | Hacked Robot Schematics ------------------ None Fabricated ------------ Nothing Repaired ---------- Nothing Studied --------- None Alien Tech Used ----------------- None Achievements -------------- None Challenges ------------ None Game ------ Seed SpectralDecoderHammerchucker Manual? 0 Play Time 00:32:39 Cumulative 672.6 hours Start 2026.07.14 @ 19:59:39 End 2026.07.15 @ 00:48:08 Sessions 3 Manual Loads 0 Difficulty Rogue Special Mode None Game No. 374 Rogue 349 Adventurer 7 Explorer 18 Win Type - Total 64 Types 41/2/9/2/2/1/2/3/0/2 Lore% 95 Gallery% 87 Achievement% 74 Wizard Run 0 Options --------- Layout 0 ASCII 0 Keyboard 0 Movement Numpad Keybinds 0 Fullscreen 1 Font 18/SmallcapsGlow Map View 76x50 Zoom Use 0% Tactical HUD 1 Map Filters NONE Filters NONE Steam 1 RUN: d52d751a-2745-40d1-adf5-8713db536ba9